Workbook

Sheet 対比表（R8.1.1～R8.12.31）
B2: セーフティネット保証５号の指定業種の比較表
J3: ※グレー色・・・指定外
A5: (令和８年１月１日～令和８年３月31日) | C5: (令和８年４月１日～令和８年６月30日) | E5: (令和８年７月１日～令和８年９月30日) | G5: (令和８年10月１日～令和８年12月31日)
A6: 分類番号 | B6: 業種 | C6: 分類番号 | D6: 業種 | E6: 分類番号 | F6: 業種 | G6: 分類番号 | H6: 業種 | I6: 直近の指定の有無
A7: 0113 | B7: 野菜作農業（きのこ類の栽培を含む。）（製造加工設備を有するもやし栽培農業、作業所内において工場的生産設備（最小限温度又は湿度調節装置及び育成管理室を有することが必要。以下同じ。）をもって生産及び卸売する菌床栽培方式のきのこ栽培農業、並びに作業所内において工場的生産設備をもって生産及び卸売する苗床栽培方式のかいわれ大根栽培農業に限る。） | C7: 0113 | D7: 野菜作農業（きのこ類の栽培を含む。）（製造加工設備を有するもやし栽培農業、作業所内において工場的生産設備（最小限温度又は湿度調節装置及び育成管理室を有することが必要。以下同じ。）をもって生産及び卸売する菌床栽培方式のきのこ栽培農業、並びに作業所内において工場的生産設備をもって生産及び卸売する苗床栽培方式のかいわれ大根栽培農業に限る。） | E7: 0113 | F7: =VLOOKUP(E7,[1]分類番号!$A$4:$B$1172,2,0) -> 野菜作農業（きのこ類の栽培を含む。）（製造加工設備を有するもやし栽培農業、作業所内において工場的生産設備（最小限温度又は湿度調節装置及び育成管理室を有することが必要。以下同じ。）をもって生産及び卸売する菌床栽培方式のきのこ栽培農業、並びに作業所内において工場的生産設備をもって生産及び卸売する苗床栽培方式のかいわれ大根栽培農業に限る。） | G7: 0113 | H7: 野菜作農業（きのこ類の栽培を含む。）（製造加工設備を有するもやし栽培農業、作業所内において工場的生産設備（最小限温度又は湿度調節装置及び育成管理室を有することが必要。以下同じ。）をもって生産及び卸売する菌床栽培方式のきのこ栽培農業、並びに作業所内において工場的生産設備をもって生産及び卸売する苗床栽培方式のかいわれ大根栽培農業に限る。） | I7: ○
A8: 0116 | B8: 工芸農作物農業（製造加工設備を有する茶作農業であって、荒茶及び仕上茶の製造を行っているものに限る。） | C8: 0116 | D8: 工芸農作物農業（製造加工設備を有する茶作農業であって、荒茶及び仕上茶の製造を行っているものに限る。） | E8: 0116 | F8: =VLOOKUP(E8,[1]分類番号!$A$4:$B$1172,2,0) -> 工芸農作物農業（製造加工設備を有する茶作農業であって、荒茶及び仕上茶の製造を行っているものに限る。） | G8: 0116 | H8: 工芸農作物農業（製造加工設備を有する茶作農業であって、荒茶及び仕上茶の製造を行っているものに限る。） | I8: ○
A9: 0124 | B9: 養鶏業（人工ふ卵設備を有し、鶏卵の人工ふ化を行うものに限る。） | C9: 0124 | D9: 養鶏業（人工ふ卵設備を有し、鶏卵の人工ふ化を行うものに限る。） | E9: 0124 | F9: =VLOOKUP(E9,[1]分類番号!$A$4:$B$1172,2,0) -> 養鶏業（人工ふ卵設備を有し、鶏卵の人工ふ化を行うものに限る。） | G9: 0124 | H9: 養鶏業（人工ふ卵設備を有し、鶏卵の人工ふ化を行うものに限る。） | I9: ○
A10: 0126 | B10: 養蚕農業（製造加工設備を有する蚕種製造業に限る。） | C10: 0126 | D10: 養蚕農業（製造加工設備を有する蚕種製造業に限る。） | E10: 0126 | F10: =VLOOKUP(E10,[1]分類番号!$A$4:$B$1172,2,0) -> 養蚕農業（製造加工設備を有する蚕種製造業に限る。） | G10: 0126 | H10: 養蚕農業（製造加工設備を有する蚕種製造業に限る。）
A11: 0134 | B11: 畜産サービス業（獣医業を除く。）（製造加工設備を有する蚕種製造請負業、てい鉄修理業、人工ふ卵設備を有し鶏卵の人工ふ化を行うふ卵業、家畜貸付業に限る。） | C11: 0134 | D11: 畜産サービス業（獣医業を除く。）（製造加工設備を有する蚕種製造請負業、てい鉄修理業、人工ふ卵設備を有し鶏卵の人工ふ化を行うふ卵業、家畜貸付業に限る。） | E11: 0134 | F11: =VLOOKUP(E11,[1]分類番号!$A$4:$B$1172,2,0) -> 畜産サービス業（獣医業を除く。）（製造加工設備を有する蚕種製造請負業、てい鉄修理業、人工ふ卵設備を有し鶏卵の人工ふ化を行うふ卵業、家畜貸付業に限る。） | G11: 0134 | H11: 畜産サービス業（獣医業を除く。）（製造加工設備を有する蚕種製造請負業、てい鉄修理業、人工ふ卵設備を有し鶏卵の人工ふ化を行うふ卵業、家畜貸付業に限る。）
A12: 0141 | B12: 園芸サービス業 | C12: 0141 | D12: 園芸サービス業 | E12: 0141 | F12: =VLOOKUP(E12,[1]分類番号!$A$4:$B$1172,2,0) -> 園芸サービス業 | G12: 0141 | H12: 園芸サービス業
A13: 0221 | B13: 素材生産業 | C13: 0221 | D13: 素材生産業 | E13: 0221 | F13: =VLOOKUP(E13,[1]分類番号!$A$4:$B$1172,2,0) -> 素材生産業 | G13: 0221 | H13: 素材生産業 | I13: ○
A14: 0231 | B14: 製薪炭業（製造加工設備を有するものに限る。） | C14: 0231 | D14: 製薪炭業（製造加工設備を有するものに限る。） | E14: 0231 | F14: =VLOOKUP(E14,[1]分類番号!$A$4:$B$1172,2,0) -> 製薪炭業（製造加工設備を有するものに限る。） | G14: 0231 | H14: 製薪炭業（製造加工設備を有するものに限る。）
A15: 0242 | B15: 素材生産サービス業 | C15: 0242 | D15: 素材生産サービス業 | E15: 0242 | F15: =VLOOKUP(E15,[1]分類番号!$A$4:$B$1172,2,0) -> 素材生産サービス業 | G15: 0242 | H15: 素材生産サービス業 | I15: ○
A16: 0249 | B16: その他の林業サービス業（製造加工設備を有する薪請負製造業、炭焼請負業及び炭賃焼業に限る。） | C16: 0249 | D16: その他の林業サービス業（製造加工設備を有する薪請負製造業、炭焼請負業及び炭賃焼業に限る。） | E16: 0249 | F16: =VLOOKUP(E16,[1]分類番号!$A$4:$B$1172,2,0) -> その他の林業サービス業（製造加工設備を有する薪請負製造業、炭焼請負業及び炭賃焼業に限る。） | G16: 0249 | H16: その他の林業サービス業（製造加工設備を有する薪請負製造業、炭焼請負業及び炭賃焼業に限る。）
A17: 0414 | B17: 真珠養殖業（養殖から加工までを一貫作業として行っているものに限る。） | C17: 0414 | D17: 真珠養殖業（養殖から加工までを一貫作業として行っているものに限る。） | E17: 0414 | F17: =VLOOKUP(E17,[1]分類番号!$A$4:$B$1172,2,0) -> 真珠養殖業（養殖から加工までを一貫作業として行っているものに限る。） | G17: 0414 | H17: 真珠養殖業（養殖から加工までを一貫作業として行っているものに限る。）
A18: 0511 | B18: 金・銀鉱業 | C18: 0511 | D18: 金・銀鉱業 | E18: 0511 | F18: =VLOOKUP(E18,[1]分類番号!$A$4:$B$1172,2,0) -> 金・銀鉱業 | G18: 0511 | H18: 金・銀鉱業
A19: 0512 | B19: 鉛・亜鉛鉱業 | C19: 0512 | D19: 鉛・亜鉛鉱業 | E19: 0512 | F19: =VLOOKUP(E19,[1]分類番号!$A$4:$B$1172,2,0) -> 鉛・亜鉛鉱業 | G19: 0512 | H19: 鉛・亜鉛鉱業
A20: 0513 | B20: 鉄鉱業 | C20: 0513 | D20: 鉄鉱業 | E20: 0513 | F20: =VLOOKUP(E20,[1]分類番号!$A$4:$B$1172,2,0) -> 鉄鉱業 | G20: 0513 | H20: 鉄鉱業
A21: 0519 | B21: その他の金属鉱業 | C21: 0519 | D21: その他の金属鉱業 | E21: 0519 | F21: =VLOOKUP(E21,[1]分類番号!$A$4:$B$1172,2,0) -> その他の金属鉱業 | G21: 0519 | H21: その他の金属鉱業
A22: 0521 | B22: 石炭鉱業（石炭選別業を含む。） | C22: 0521 | D22: 石炭鉱業（石炭選別業を含む。） | E22: 0521 | F22: =VLOOKUP(E22,[1]分類番号!$A$4:$B$1172,2,0) -> 石炭鉱業（石炭選別業を含む。） | G22: 0521 | H22: 石炭鉱業（石炭選別業を含む。） | I22: ○
A23: 0522 | B23: 亜炭鉱業 | C23: 0522 | D23: 亜炭鉱業 | E23: 0522 | F23: =VLOOKUP(E23,[1]分類番号!$A$4:$B$1172,2,0) -> 亜炭鉱業 | G23: 0522 | H23: 亜炭鉱業
A24: 0531 | B24: 原油鉱業 | C24: 0531 | D24: 原油鉱業 | E24: 0531 | F24: =VLOOKUP(E24,[1]分類番号!$A$4:$B$1172,2,0) -> 原油鉱業 | G24: 0531 | H24: 原油鉱業
A25: 0532 | B25: 天然ガス鉱業 | C25: 0532 | D25: 天然ガス鉱業 | E25: 0532 | F25: =VLOOKUP(E25,[1]分類番号!$A$4:$B$1172,2,0) -> 天然ガス鉱業 | G25: 0532 | H25: 天然ガス鉱業
A26: 0541 | B26: 花こう岩・同類似岩石採石業 | C26: 0541 | D26: 花こう岩・同類似岩石採石業 | E26: 0541 | F26: =VLOOKUP(E26,[1]分類番号!$A$4:$B$1172,2,0) -> 花こう岩・同類似岩石採石業 | G26: 0541 | H26: 花こう岩・同類似岩石採石業 | I26: ○
A27: 0542 | B27: 石英粗面岩・同類似岩石採石業 | C27: 0542 | D27: 石英粗面岩・同類似岩石採石業 | E27: 0542 | F27: =VLOOKUP(E27,[1]分類番号!$A$4:$B$1172,2,0) -> 石英粗面岩・同類似岩石採石業 | G27: 0542 | H27: 石英粗面岩・同類似岩石採石業 | I27: ○
A28: 0543 | B28: 安山岩・同類似岩石採石業 | C28: 0543 | D28: 安山岩・同類似岩石採石業 | E28: 0543 | F28: =VLOOKUP(E28,[1]分類番号!$A$4:$B$1172,2,0) -> 安山岩・同類似岩石採石業 | G28: 0543 | H28: 安山岩・同類似岩石採石業 | I28: ○
A29: 0544 | B29: 大理石採石業 | C29: 0544 | D29: 大理石採石業 | E29: 0544 | F29: =VLOOKUP(E29,[1]分類番号!$A$4:$B$1172,2,0) -> 大理石採石業 | G29: 0544 | H29: 大理石採石業 | I29: ○
A30: 0545 | B30: 凝灰岩採石業 | C30: 0545 | D30: 凝灰岩採石業 | E30: 0545 | F30: =VLOOKUP(E30,[1]分類番号!$A$4:$B$1172,2,0) -> 凝灰岩採石業 | G30: 0545 | H30: ぎょう灰岩採石業
A31: 0546 | B31: 砂岩採石業 | C31: 0546 | D31: 砂岩採石業 | E31: 0546 | F31: =VLOOKUP(E31,[1]分類番号!$A$4:$B$1172,2,0) -> 砂岩採石業 | G31: 0546 | H31: 砂岩採石業 | I31: ○
A32: 0547 | B32: 粘板岩採石業 | C32: 0547 | D32: 粘板岩採石業 | E32: 0547 | F32: =VLOOKUP(E32,[1]分類番号!$A$4:$B$1172,2,0) -> 粘板岩採石業 | G32: 0547 | H32: 粘板岩採石業 | I32: ○
A33: 0548 | B33: 砂・砂利・玉石採取業 | C33: 0548 | D33: 砂・砂利・玉石採取業 | E33: 0548 | F33: =VLOOKUP(E33,[1]分類番号!$A$4:$B$1172,2,0) -> 砂・砂利・玉石採取業 | G33: 0548 | H33: 砂・砂利・玉石採取業 | I33: ○
A34: 0549 | B34: その他の採石業、砂・砂利・玉石採取業 | C34: 0549 | D34: その他の採石業、砂・砂利・玉石採取業 | E34: 0549 | F34: =VLOOKUP(E34,[1]分類番号!$A$4:$B$1172,2,0) -> その他の採石業、砂・砂利・玉石採取業 | G34: 0549 | H34: その他の採石業、砂・砂利・玉石採取業 | I34: ○
A35: 0551 | B35: 耐火粘土鉱業 | C35: 0551 | D35: 耐火粘土鉱業 | E35: 0551 | F35: =VLOOKUP(E35,[1]分類番号!$A$4:$B$1172,2,0) -> 耐火粘土鉱業 | G35: 0551 | H35: 耐火粘土鉱業 | I35: ○
A36: 0552 | B36: ろう石鉱業 | C36: 0552 | D36: ろう石鉱業 | E36: 0552 | F36: =VLOOKUP(E36,[1]分類番号!$A$4:$B$1172,2,0) -> ろう石鉱業 | G36: 0552 | H36: ろう石鉱業 | I36: ○
A37: 0553 | B37: ドロマイト鉱業 | C37: 0553 | D37: ドロマイト鉱業 | E37: 0553 | F37: =VLOOKUP(E37,[1]分類番号!$A$4:$B$1172,2,0) -> ドロマイト鉱業 | G37: 0553 | H37: ドロマイト鉱業 | I37: ○
A38: 0554 | B38: 長石鉱業 | C38: 0554 | D38: 長石鉱業 | E38: 0554 | F38: =VLOOKUP(E38,[1]分類番号!$A$4:$B$1172,2,0) -> 長石鉱業 | G38: 0554 | H38: 長石鉱業 | I38: ○
A39: 0555 | B39: けい石鉱業 | C39: 0555 | D39: けい石鉱業 | E39: 0555 | F39: =VLOOKUP(E39,[1]分類番号!$A$4:$B$1172,2,0) -> けい石鉱業 | G39: 0555 | H39: けい石鉱業 | I39: ○
A40: 0556 | B40: 天然けい砂鉱業 | C40: 0556 | D40: 天然けい砂鉱業 | E40: 0556 | F40: =VLOOKUP(E40,[1]分類番号!$A$4:$B$1172,2,0) -> 天然けい砂鉱業 | G40: 0556 | H40: 天然けい砂鉱業 | I40: ○
A41: 0557 | B41: 石灰石鉱業 | C41: 0557 | D41: 石灰石鉱業 | E41: 0557 | F41: =VLOOKUP(E41,[1]分類番号!$A$4:$B$1172,2,0) -> 石灰石鉱業 | G41: 0557 | H41: 石灰石鉱業 | I41: ○
A42: 0559 | B42: その他の窯業原料用鉱物鉱業 | C42: 0559 | D42: その他の窯業原料用鉱物鉱業 | E42: 0559 | F42: =VLOOKUP(E42,[1]分類番号!$A$4:$B$1172,2,0) -> その他の窯業原料用鉱物鉱業 | G42: 0559 | H42: その他の窯業原料用鉱物鉱業 | I42: ○
A43: 0591 | B43: 酸性白土鉱業 | C43: 0591 | D43: 酸性白土鉱業 | E43: 0591 | F43: =VLOOKUP(E43,[1]分類番号!$A$4:$B$1172,2,0) -> 酸性白土鉱業 | G43: 0591 | H43: 酸性白土鉱業
A44: 0592 | B44: ベントナイト鉱業 | C44: 0592 | D44: ベントナイト鉱業 | E44: 0592 | F44: =VLOOKUP(E44,[1]分類番号!$A$4:$B$1172,2,0) -> ベントナイト鉱業 | G44: 0592 | H44: ベントナイト鉱業 | I44: ○
A45: 0593 | B45: けいそう土鉱業 | C45: 0593 | D45: けいそう土鉱業 | E45: 0593 | F45: =VLOOKUP(E45,[1]分類番号!$A$4:$B$1172,2,0) -> けいそう土鉱業 | G45: 0593 | H45: けいそう土鉱業 | I45: ○
A46: 0594 | B46: 滑石鉱業 | C46: 0594 | D46: 滑石鉱業 | E46: 0594 | F46: =VLOOKUP(E46,[1]分類番号!$A$4:$B$1172,2,0) -> 滑石鉱業 | G46: 0594 | H46: 滑石鉱業 | I46: ○
A47: 0599 | B47: 他に分類されない鉱業 | C47: 0599 | D47: 他に分類されない鉱業 | E47: 0599 | F47: =VLOOKUP(E47,[1]分類番号!$A$4:$B$1172,2,0) -> 他に分類されない鉱業 | G47: 0599 | H47: 他に分類されない鉱業
A48: 0611 | B48: 一般土木建築工事業 | C48: 0611 | D48: 一般土木建築工事業 | E48: 0611 | F48: =VLOOKUP(E48,[1]分類番号!$A$4:$B$1172,2,0) -> 一般土木建築工事業 | G48: 0611 | H48: 一般土木建築工事業 | I48: ○
A49: 0621 | B49: 土木工事業（造園工事業、しゅんせつ工事業及び舗装工事業を除く。） | C49: 0621 | D49: 土木工事業（造園工事業、しゅんせつ工事業及び舗装工事業を除く。） | E49: 0621 | F49: =VLOOKUP(E49,[1]分類番号!$A$4:$B$1172,2,0) -> 土木工事業（造園工事業、しゅんせつ工事業及び舗装工事業を除く。） | G49: 0621 | H49: 土木工事業（造園工事業、しゅんせつ工事業及び舗装工事業を除く。） | I49: ○
A50: 0622 | B50: 造園工事業 | C50: 0622 | D50: 造園工事業 | E50: 0622 | F50: =VLOOKUP(E50,[1]分類番号!$A$4:$B$1172,2,0) -> 造園工事業 | G50: 0622 | H50: 造園工事業 | I50: ○
A51: 0623 | B51: しゅんせつ工事業 | C51: 0623 | D51: しゅんせつ工事業 | E51: 0623 | F51: =VLOOKUP(E51,[1]分類番号!$A$4:$B$1172,2,0) -> しゅんせつ工事業 | G51: 0623 | H51: しゅんせつ工事業 | I51: ○
A52: 0631 | B52: 舗装工事業 | C52: 0631 | D52: 舗装工事業 | E52: 0631 | F52: =VLOOKUP(E52,[1]分類番号!$A$4:$B$1172,2,0) -> 舗装工事業 | G52: 0631 | H52: 舗装工事業 | I52: ○
A53: 0641 | B53: 建築工事業（木造建築工事業を除く。） | C53: 0641 | D53: 建築工事業（木造建築工事業を除く。） | E53: 0641 | F53: =VLOOKUP(E53,[1]分類番号!$A$4:$B$1172,2,0) -> 建築工事業（木造建築工事業を除く。） | G53: 0641 | H53: 建築工事業（木造建築工事業を除く。） | I53: ○
A54: 0651 | B54: 木造建築工事業 | C54: 0651 | D54: 木造建築工事業 | E54: 0651 | F54: =VLOOKUP(E54,[1]分類番号!$A$4:$B$1172,2,0) -> 木造建築工事業 | G54: 0651 | H54: 木造建築工事業 | I54: ○
A55: 0661 | B55: 建築リフォーム工事業 | C55: 0661 | D55: 建築リフォーム工事業 | E55: 0661 | F55: =VLOOKUP(E55,[1]分類番号!$A$4:$B$1172,2,0) -> 建築リフォーム工事業 | G55: 0661 | H55: 建築リフォーム工事業 | I55: ○
A56: 0711 | B56: 大工工事業（型枠大工工事業を除く。） | C56: 0711 | D56: 大工工事業（型枠大工工事業を除く。） | E56: 0711 | F56: =VLOOKUP(E56,[1]分類番号!$A$4:$B$1172,2,0) -> 大工工事業（型枠大工工事業を除く。） | G56: 0711 | H56: 大工工事業（型枠大工工事業を除く。）
A57: 0712 | B57: 型枠大工工事業 | C57: 0712 | D57: 型枠大工工事業 | E57: 0712 | F57: =VLOOKUP(E57,[1]分類番号!$A$4:$B$1172,2,0) -> 型枠大工工事業 | G57: 0712 | H57: 型枠大工工事業
A58: 0721 | B58: とび工事業 | C58: 0721 | D58: とび工事業 | E58: 0721 | F58: =VLOOKUP(E58,[1]分類番号!$A$4:$B$1172,2,0) -> とび工事業 | G58: 0721 | H58: とび工事業 | I58: ○
A59: 0722 | B59: 土工・コンクリート工事業 | C59: 0722 | D59: 土工・コンクリート工事業 | E59: 0722 | F59: =VLOOKUP(E59,[1]分類番号!$A$4:$B$1172,2,0) -> 土工・コンクリート工事業 | G59: 0722 | H59: 土工・コンクリート工事業
A60: 0723 | B60: 特殊コンクリート工事業 | C60: 0723 | D60: 特殊コンクリート工事業 | E60: 0723 | F60: =VLOOKUP(E60,[1]分類番号!$A$4:$B$1172,2,0) -> 特殊コンクリート工事業 | G60: 0723 | H60: 特殊コンクリート工事業
A61: 0731 | B61: 鉄骨工事業 | C61: 0731 | D61: 鉄骨工事業 | E61: 0731 | F61: =VLOOKUP(E61,[1]分類番号!$A$4:$B$1172,2,0) -> 鉄骨工事業 | G61: 0731 | H61: 鉄骨工事業
A62: 0732 | B62: 鉄筋工事業 | C62: 0732 | D62: 鉄筋工事業 | E62: 0732 | F62: =VLOOKUP(E62,[1]分類番号!$A$4:$B$1172,2,0) -> 鉄筋工事業 | G62: 0732 | H62: 鉄筋工事業
A63: 0741 | B63: 石工工事業 | C63: 0741 | D63: 石工工事業 | E63: 0741 | F63: =VLOOKUP(E63,[1]分類番号!$A$4:$B$1172,2,0) -> 石工工事業 | G63: 0741 | H63: 石工工事業 | I63: ○
A64: 0742 | B64: れんが工事業 | C64: 0742 | D64: れんが工事業 | E64: 0742 | F64: =VLOOKUP(E64,[1]分類番号!$A$4:$B$1172,2,0) -> れんが工事業 | G64: 0742 | H64: れんが工事業 | I64: ○
A65: 0743 | B65: タイル工事業 | C65: 0743 | D65: タイル工事業 | E65: 0743 | F65: =VLOOKUP(E65,[1]分類番号!$A$4:$B$1172,2,0) -> タイル工事業 | G65: 0743 | H65: タイル工事業 | I65: ○
A66: 0744 | B66: コンクリートブロック工事業 | C66: 0744 | D66: コンクリートブロック工事業 | E66: 0744 | F66: =VLOOKUP(E66,[1]分類番号!$A$4:$B$1172,2,0) -> コンクリートブロック工事業 | G66: 0744 | H66: コンクリートブロック工事業 | I66: ○
A67: 0751 | B67: 左官工事業 | C67: 0751 | D67: 左官工事業 | E67: 0751 | F67: =VLOOKUP(E67,[1]分類番号!$A$4:$B$1172,2,0) -> 左官工事業 | G67: 0751 | H67: 左官工事業 | I67: ○
A68: 0761 | B68: 金属製屋根工事業 | C68: 0761 | D68: 金属製屋根工事業 | E68: 0761 | F68: =VLOOKUP(E68,[1]分類番号!$A$4:$B$1172,2,0) -> 金属製屋根工事業 | G68: 0761 | H68: 金属製屋根工事業 | I68: ○
A69: 0762 | B69: 板金工事業 | C69: 0762 | D69: 板金工事業 | E69: 0762 | F69: =VLOOKUP(E69,[1]分類番号!$A$4:$B$1172,2,0) -> 板金工事業 | G69: 0762 | H69: 板金工事業
A70: 0763 | B70: 建築金物工事業 | C70: 0763 | D70: 建築金物工事業 | E70: 0763 | F70: =VLOOKUP(E70,[1]分類番号!$A$4:$B$1172,2,0) -> 建築金物工事業 | G70: 0763 | H70: 建築金物工事業
A71: 0771 | B71: 塗装工事業（道路標示・区画線工事業を除く。） | C71: 0771 | D71: 塗装工事業（道路標示・区画線工事業を除く。） | E71: 0771 | F71: =VLOOKUP(E71,[1]分類番号!$A$4:$B$1172,2,0) -> 塗装工事業（道路標示・区画線工事業を除く。） | G71: 0771 | H71: 塗装工事業（道路標示・区画線工事業を除く。）
A72: 0772 | B72: 道路標示・区画線工事業 | C72: 0772 | D72: 道路標示・区画線工事業 | E72: 0772 | F72: =VLOOKUP(E72,[1]分類番号!$A$4:$B$1172,2,0) -> 道路標示・区画線工事業 | G72: 0772 | H72: 道路標示・区画線工事業
A73: 0781 | B73: 床工事業 | C73: 0781 | D73: 床工事業 | E73: 0781 | F73: =VLOOKUP(E73,[1]分類番号!$A$4:$B$1172,2,0) -> 床工事業 | G73: 0781 | H73: 床工事業 | I73: ○
A74: 0782 | B74: 内装工事業 | C74: 0782 | D74: 内装工事業 | E74: 0782 | F74: =VLOOKUP(E74,[1]分類番号!$A$4:$B$1172,2,0) -> 内装工事業 | G74: 0782 | H74: 内装工事業 | I74: ○
A75: 0791 | B75: ガラス工事業 | C75: 0791 | D75: ガラス工事業 | E75: 0791 | F75: =VLOOKUP(E75,[1]分類番号!$A$4:$B$1172,2,0) -> ガラス工事業 | G75: 0791 | H75: ガラス工事業 | I75: ○
A76: 0792 | B76: 金属製建具工事業 | C76: 0792 | D76: 金属製建具工事業 | E76: 0792 | F76: =VLOOKUP(E76,[1]分類番号!$A$4:$B$1172,2,0) -> 金属製建具工事業 | G76: 0792 | H76: 金属製建具工事業 | I76: ○
A77: 0793 | B77: 木製建具工事業 | C77: 0793 | D77: 木製建具工事業 | E77: 0793 | F77: =VLOOKUP(E77,[1]分類番号!$A$4:$B$1172,2,0) -> 木製建具工事業 | G77: 0793 | H77: 木製建具工事業 | I77: ○
A78: 0794 | B78: 屋根工事業（金属製屋根工事業を除く。） | C78: 0794 | D78: 屋根工事業（金属製屋根工事業を除く。） | E78: 0794 | F78: =VLOOKUP(E78,[1]分類番号!$A$4:$B$1172,2,0) -> 屋根工事業（金属製屋根工事業を除く。） | G78: 0794 | H78: 屋根工事業（金属製屋根工事業を除く。） | I78: ○
A79: 0795 | B79: 防水工事業 | C79: 0795 | D79: 防水工事業 | E79: 0795 | F79: =VLOOKUP(E79,[1]分類番号!$A$4:$B$1172,2,0) -> 防水工事業 | G79: 0795 | H79: 防水工事業
A80: 0796 | B80: 解体・はつり工事業 | C80: 0796 | D80: 解体・はつり工事業 | E80: 0796 | F80: =VLOOKUP(E80,[1]分類番号!$A$4:$B$1172,2,0) -> 解体・はつり工事業 | G80: 0796 | H80: 解体・はつり工事業 | I80: ○
A81: 0799 | B81: 他に分類されない職別工事業 | C81: 0799 | D81: 他に分類されない職別工事業 | E81: 0799 | F81: =VLOOKUP(E81,[1]分類番号!$A$4:$B$1172,2,0) -> 他に分類されない職別工事業 | G81: 0799 | H81: 他に分類されない職別工事業
A82: 0811 | B82: 一般電気工事業 | C82: 0811 | D82: 一般電気工事業 | E82: 0811 | F82: =VLOOKUP(E82,[1]分類番号!$A$4:$B$1172,2,0) -> 一般電気工事業 | G82: 0811 | H82: 一般電気工事業
A83: 0812 | B83: 電気配線工事業 | C83: 0812 | D83: 電気配線工事業 | E83: 0812 | F83: =VLOOKUP(E83,[1]分類番号!$A$4:$B$1172,2,0) -> 電気配線工事業 | G83: 0812 | H83: 電気配線工事業
A84: 0821 | B84: 電気通信工事業（有線テレビジョン放送設備設置工事業を除く。） | C84: 0821 | D84: 電気通信工事業（有線テレビジョン放送設備設置工事業を除く。） | E84: 0821 | F84: =VLOOKUP(E84,[1]分類番号!$A$4:$B$1172,2,0) -> 電気通信工事業（有線テレビジョン放送設備設置工事業を除く。） | G84: 0821 | H84: 電気通信工事業（有線テレビジョン放送設備設置工事業を除く。） | I84: ○
A85: 0822 | B85: 有線テレビジョン放送設備設置工事業 | C85: 0822 | D85: 有線テレビジョン放送設備設置工事業 | E85: 0822 | F85: =VLOOKUP(E85,[1]分類番号!$A$4:$B$1172,2,0) -> 有線テレビジョン放送設備設置工事業 | G85: 0822 | H85: 有線テレビジョン放送設備設置工事業 | I85: ○
A86: 0823 | B86: 信号装置工事業 | C86: 0823 | D86: 信号装置工事業 | E86: 0823 | F86: =VLOOKUP(E86,[1]分類番号!$A$4:$B$1172,2,0) -> 信号装置工事業 | G86: 0823 | H86: 信号装置工事業 | I86: ○
A87: 0831 | B87: 一般管工事業 | C87: 0831 | D87: 一般管工事業 | E87: 0831 | F87: =VLOOKUP(E87,[1]分類番号!$A$4:$B$1172,2,0) -> 一般管工事業 | G87: 0831 | H87: 一般管工事業
A88: 0832 | B88: 冷暖房設備工事業 | C88: 0832 | D88: 冷暖房設備工事業 | E88: 0832 | F88: =VLOOKUP(E88,[1]分類番号!$A$4:$B$1172,2,0) -> 冷暖房設備工事業 | G88: 0832 | H88: 冷暖房設備工事業
A89: 0833 | B89: 給排水・衛生設備工事業 | C89: 0833 | D89: 給排水・衛生設備工事業 | E89: 0833 | F89: =VLOOKUP(E89,[1]分類番号!$A$4:$B$1172,2,0) -> 給排水・衛生設備工事業 | G89: 0833 | H89: 給排水・衛生設備工事業
A90: 0839 | B90: その他の管工事業 | C90: 0839 | D90: その他の管工事業 | E90: 0839 | F90: =VLOOKUP(E90,[1]分類番号!$A$4:$B$1172,2,0) -> その他の管工事業 | G90: 0839 | H90: その他の管工事業
A91: 0841 | B91: 機械器具設置工事業（昇降設備工事業を除く。） | C91: 0841 | D91: 機械器具設置工事業（昇降設備工事業を除く。） | E91: 0841 | F91: =VLOOKUP(E91,[1]分類番号!$A$4:$B$1172,2,0) -> 機械器具設置工事業（昇降設備工事業を除く。） | G91: 0841 | H91: 機械器具設置工事業（昇降設備工事業を除く。）
A92: 0842 | B92: 昇降設備工事業 | C92: 0842 | D92: 昇降設備工事業 | E92: 0842 | F92: =VLOOKUP(E92,[1]分類番号!$A$4:$B$1172,2,0) -> 昇降設備工事業 | G92: 0842 | H92: 昇降設備工事業
A93: 0891 | B93: 築炉工事業 | C93: 0891 | D93: 築炉工事業 | E93: 0891 | F93: =VLOOKUP(E93,[1]分類番号!$A$4:$B$1172,2,0) -> 築炉工事業 | G93: 0891 | H93: 築炉工事業
A94: 0892 | B94: 熱絶縁工事業 | C94: 0892 | D94: 熱絶縁工事業 | E94: 0892 | F94: =VLOOKUP(E94,[1]分類番号!$A$4:$B$1172,2,0) -> 熱絶縁工事業 | G94: 0892 | H94: 熱絶縁工事業 | I94: ○
A95: 0893 | B95: 道路標識設置工事業 | C95: 0893 | D95: 道路標識設置工事業 | E95: 0893 | F95: =VLOOKUP(E95,[1]分類番号!$A$4:$B$1172,2,0) -> 道路標識設置工事業 | G95: 0893 | H95: 道路標識設置工事業
A96: 0894 | B96: さく井工事業 | C96: 0894 | D96: さく井工事業 | E96: 0894 | F96: =VLOOKUP(E96,[1]分類番号!$A$4:$B$1172,2,0) -> さく井工事業 | G96: 0894 | H96: さく井工事業 | I96: ○
A97: 0911 | B97: 部分肉・冷凍肉製造業 | C97: 0911 | D97: 部分肉・冷凍肉製造業 | E97: 0911 | F97: =VLOOKUP(E97,[1]分類番号!$A$4:$B$1172,2,0) -> 部分肉・冷凍肉製造業 | G97: 0911 | H97: 部分肉・冷凍肉製造業 | I97: ○
A98: 0912 | B98: 肉加工品製造業 | C98: 0912 | D98: 肉加工品製造業 | E98: 0912 | F98: =VLOOKUP(E98,[1]分類番号!$A$4:$B$1172,2,0) -> 肉加工品製造業 | G98: 0912 | H98: 肉加工品製造業 | I98: ○
A99: 0913 | B99: 処理牛乳・乳飲料製造業 | C99: 0913 | D99: 処理牛乳・乳飲料製造業 | E99: 0913 | F99: =VLOOKUP(E99,[1]分類番号!$A$4:$B$1172,2,0) -> 処理牛乳・乳飲料製造業 | G99: 0913 | H99: 処理牛乳・乳飲料製造業 | I99: ○
A100: 0914 | B100: 乳製品製造業（処理牛乳、乳飲料を除く。） | C100: 0914 | D100: 乳製品製造業（処理牛乳、乳飲料を除く。） | E100: 0914 | F100: =VLOOKUP(E100,[1]分類番号!$A$4:$B$1172,2,0) -> 乳製品製造業（処理牛乳、乳飲料を除く。） | G100: 0914 | H100: 乳製品製造業（処理牛乳、乳飲料を除く。）
A101: 0919 | B101: その他の畜産食料品製造業 | C101: 0919 | D101: その他の畜産食料品製造業 | E101: 0919 | F101: =VLOOKUP(E101,[1]分類番号!$A$4:$B$1172,2,0) -> その他の畜産食料品製造業 | G101: 0919 | H101: その他の畜産食料品製造業 | I101: ○
A102: 0921 | B102: 水産缶詰・瓶詰製造業 | C102: 0921 | D102: 水産缶詰・瓶詰製造業 | E102: 0921 | F102: =VLOOKUP(E102,[1]分類番号!$A$4:$B$1172,2,0) -> 水産缶詰・瓶詰製造業 | G102: 0921 | H102: 水産缶詰・瓶詰製造業 | I102: ○
...
